Jonadab, neutral male human Tourist ------- .....| ....| | ...| (| -..| . --+-- |..--|--.+- ......- +.............- |......--+- | -+------..{...| |.............| | --+-.....---+-- --. - |..-+-- ..... |..| #.... ----..| -....{........| - | #....G-------- | -.........)..G........| -----------@----------- --- Jonadab the Excursionist Experience level: 6 Strength: 14 Dexterity: 11 Constitution: 8 Intelligence: 16 Wisdom: 9 Charisma: 13 Health: 0(44) Energy: 21(21) AC: 5 Gold: 1158 Moves: 5914 Your Inventory: Coins $ - 1158 gold pieces Weapons a - a [blessed] +0 curved sword [scimitar] (weapon in hand) c - 3 [uncursed +4] daggers named b.U d - an [uncursed +0] crude dagger [orcish] e - 29 uncursed +2 darts (in quiver) Z - 2 [uncursed +0] crude daggers named b.U [orcish] Armor h - an uncursed +0 Hawaiian shirt (being worn) l - an [uncursed] +0 leather armor (being worn) G - a [blessed] +0 hooded cloak [dwarvish] (being worn) H - an [uncursed] +0 pair of hard shoes [iron] (being worn) R - an [uncursed] +0 iron skull cap [orcish helm] (being worn) Comestibles b - 2 uncursed food rations k - an [uncursed stale] egg n - an [uncursed] pear U - an [uncursed] green persimmon Wands v - an [uncursed] wand of magic missile [0:6] X - an [uncursed] wand of striking [0:6] Tools i - an uncursed expensive camera (0:78) j - an uncursed credit card q - an [uncursed +0] pick-axe T - 3 [uncursed tallow] candles Y - 2 [uncursed wax] candles Gems f - 2 [uncursed] white gems [worthless glass] S - an [uncursed] black gem [worthless glass] V - an [uncursed] black gem [obsidian] W - 2 [uncursed] yellowish brown gems [worthless glass] Spells known in the end: Name Level Category Fail Memory Your skills at the end: Fighting Skills Weapon Skills dart [Basic] Spellcasting Skills Final Attributes: You were piously aligned. Hunger level was 523. Your alignment was 39 / 39. Monster difficulty range was 1 - 6. Level difficulty was 7. Your luck was zero. You are dead. Vanquished creatures: a gnome mummy 3 human zombies an imp 2 mountain nymphs 2 rock piercers a rock mole 2 shriekers 3 gnome lords a gray ooze 2 elf zombies 2 paper golems a wax golem 2 little dogs a floating eye 3 kittens 4 dwarves a homunculus a kobold lord 9 hill orcs 5 rothes 3 orc zombies 2 dwarf zombies a wererat 4 iguanas 3 killer bees 2 acid blobs a gas spore a hobbit 2 manes a large kobold 2 hobgoblins 2 giant rats 4 cave spiders a brown mold a yellow mold a red mold 19 gnomes 4 garter snakes a gecko 10 jackals 2 foxes a kobold 2 goblins 5 sewer rats 4 lichens 7 newts 133 creatures vanquished. Voluntary challenges: You used a wielded weapon 62 times. You read items or engraved 22 times. You put on armor 9 times. You never genocided any monsters. You never polymorphed an object. You never changed form. You used no wishes. You wrote Elbereth's name 17 times. You never encountered a bones level. You never used any Sokoban shortcuts. Dungeon overview: The Dungeons of Doom: levels 1 to 6 Level 1 a long staircase Level 2 an armor shop Level 3 an armor shop stairs to The Gnomish Mines Level 4 a potion shop The Gnomish Mines: levels 4 to 7 Level 4 stairs to The Dungeons of Doom Level 7 <- You were here a general store, some fountains, some trees History has recorded: On T:1 you entered the Dungeons of Doom to retrieve the Amulet of Yendor! On T:68 you reached level 2 of The Dungeons of Doom. On T:314 you advanced to experience level 2. On T:695 you reached level 3 of The Dungeons of Doom. On T:766 you advanced to experience level 3. On T:852 you reached level 4 of The Dungeons of Doom. On T:1128 you advanced to experience level 4. On T:2296 you reached level 6 of The Dungeons of Doom. On T:2334 you advanced to experience level 5. On T:3891 you advanced to experience level 6. On T:4813 you reached level 1 of The Gnomish Mines. On T:5529 you reached level 2 of The Gnomish Mines. On T:5886 you reached level 4 of The Gnomish Mines. Latest messages: [HP-12=16] You hit the gnome lord. You write with your fingers into the dust. The gnome lord swings his thonged club. The gnome lord hits! The gnome swings her crossbow. The gnome hits! [HP-11=5] Something is written here in the dust. You read: "ElbereIh". You see no objects here. You wipe out the message that was written in the dust here. You write with your fingers into the dust. The gnome lord turns to flee! The gnome turns to flee! The gnome shoots a crossbow bolt! You are hit by a crossbow bolt! You die... Final status: Aloha Jonadab the Tourist... You died in The Gnomish Mines on dungeon level 7 with 3566 points, and 1158 pieces of gold, after 5914 moves. You were level 6 with a maximum of 44 hit points when you died.